 Dungeon Crawl Stone Soup version 0.30.0-29-ga12c61a403 (webtiles) character file.

Game seed: 16181865200997072331

17 Killroy the Sneak (level 2, -2/18 HPs)
             Began as a Kobold Brigand on June 12, 2023.
             Frozen to death by an endoplasm (6 damage)
             ... on level 1 of the Dungeon.
             The game lasted 00:16:54 (903 turns).

Killroy the Sneak (Kobold Brigand)                   Turns: 903, Time: 00:16:55

Health: -2/18      AC:  7    Str:  8    XL:     2   Next: 80%
Magic:  2/2        EV: 10    Int: 12    God:
Gold:   39         SH:  0    Dex: 16    Spells: 1/1 levels left

rFire   + . .        a - +3 dagger
rCold   x . .        (no shield)
rNeg    . . .        f - +0 scale mail
rPois   .            (helmet restricted)
rElec   .            c - +0 cloak
rCorr   .            (no gloves)
SInv    .            (no boots)
Will    .....        (no amulet)
Stlth   ++           g - ring of fire
HPRegen 0.23/turn    (no ring)
MPRegen 0.08/turn

%: no passive effects
@: silenced
A: small, no large weapons, nightstalker 3, antennae 1, wild magic 1
a: no special abilities


You were on level 1 of the Dungeon.
You visited 1 branch of the dungeon, and saw 2 of its levels.

You collected 39 gold pieces.

Inventory:

Hand Weapons
 a - a +3 dagger (weapon)
 k - a +3 dagger
Missiles
 d - 9 poisoned darts (quivered)
 e - 3 curare-tipped darts
 h - 5 stones
Armour
 b - a +0 robe
 c - a +0 cloak (worn)
 f - a +0 scale mail (worn)
Jewellery
 g - a ring of fire (left hand)
Potions
 j - a potion of resistance {unknown}
 l - a potion of heal wounds {unknown}
 m - a potion of curing


   Skills:
 + Level 2.3 Fighting
 + Level 3.1 Short Blades
 + Level 2.2 Throwing
 + Level 1.4 Dodging
 + Level 5.9 Stealth


You had one spell level left.
You didn't know any spells.
Your spell library was empty.

Dungeon Overview and Level Annotations

Branches:
Dungeon (2/15)

Altars:


Innate Abilities, Weirdness & Mutations

You are small and have problems with some larger weapons.
You are completely attuned to the shadows.
You have a pair of small antennae on your head.
Your spells are a little harder to cast, but a little more powerful.


Message History

The bat barely misses you. The jackal bites you.
The bat hits you but does no damage. x2
The bat hits you but does no damage. The jackal barely misses you.
The jackal bites you.
There is a stone staircase leading up here.
The bat closely misses you. The jackal barely misses you.
The jackal bites you but does no damage.
The jackal barely misses you. The jackal closely misses you.
The jackal bites you but does no damage.
The endoplasm hits you but does no damage.
You climb upwards.
There is a stone staircase leading down here.
The bat closely misses you.
The jackal bites you but does no damage.
The jackal closely misses you. The endoplasm barely misses you.
The bat closely misses you.
You hit the jackal.
You kill the jackal!
The jackal misses you. The jackal bites you. The bat closely misses you.
The jackal closely misses you. The jackal attacks as you move away!
The jackal bites you.
* * * LOW HITPOINT WARNING * * *
The bat misses you. The bat hits you.
* * * LOW HITPOINT WARNING * * *
The jackal barely misses you. The bat barely misses you.
The jackal barely misses you. The endoplasm attacks as you move away!
The endoplasm hits you but does no damage.
The jackal attacks as you move away! The jackal barely misses you.
The bat closely misses you. The jackal misses you.
As you read the scroll of silence, it crumbles to dust.
A profound silence engulfs you. The bat hits you but does no damage.
The jackal bites you.
* * * LOW HITPOINT WARNING * * *
The endoplasm completely misses you. The jackal misses you.
The jackal barely misses you.
You barely miss the bat. The bat hits you but does no damage.
The endoplasm freezes you.
You are frozen.
You feel a terrible chill!
You die...

.#### #.>##
##...######### .# ##.#
##......#.....## ##
#.###..............## #
#####.##................#
#
#.......................#
#
#....>..................#
#
#.......b..........⌠.∩..#
#
#........J..............#
#
#.......@h.........._...#
#########h>............##
##.....##.....##
##############


You could see an endoplasm (unsilenced), 2 jackals and a bat.

Vanquished Creatures
  A dart slug (D:1)
  2 ball pythons (D:1)
  2 giant cockroaches (D:1)
  4 hobgoblins (D:1)
  A jackal (D:1)
  A bat (D:1)
  A frilled lizard (D:1)
  2 rats (D:1)
14 creatures vanquished.

Notes
Turn   | Place    | Note
-------+----------+-------------------------------------------
     0 | D:1      | Killroy the Kobold Brigand began the quest for the Orb.
     0 | D:1      | Reached XP level 1. HP: 12/12 MP: 1/1
   121 | D:1      | Reached XP level 2. HP: 13/17 MP: 2/2
   515 | D:1      | Gained mutation: You have a pair of small antennae on your
                  | head. [potion of mutation]
   515 | D:1      | Gained mutation: Your spells are a little harder to cast,
                  | but a little more powerful. [potion of mutation]
   846 | D:1      | Found a faded altar of an unknown god.
   903 | D:1      | Frozen to death by an endoplasm

Illustrated notes

Levels and vault maps discovered:
D:1:      heliophobic_arrival_ceremonial_halls, layout_rooms,
          ebering_ecumenical_altar_abandoned
D:2:      layout_basic, serial_shops, nicolae_shop_peninsula, basic_altar,
          hangedman_feature_mirror

Skill      XL: |  1 |
---------------+----+-----
Short Blades   | 3 |  3.1
Fighting       | |  2.3
Throwing       | |  2.2
Dodging        | |  1.4
Stealth        | |  5.9

Action                     || total
---------------------------++-------
  Melee: Dagger            ||    33
  Throw: Dart              ||     9
    Use: Scroll            ||     6
         Potion            ||     2
   Stab: Sleeping          ||     2
 Armour: Robe              ||     3
         Scale mail        ||    22
  Dodge: Dodged            ||    59
